 Dungeon Crawl Stone Soup version 0.32-a0-558-g233958a4c4 (webtiles) character file.

Game seed: 12677867779826905218

25 Sobieck the Digger (level 2, -1/20 HPs)
             Began as a Mountain Dwarf Earth Elementalist on Feb 29, 2024.
             Slain by a sleepcap (3 damage)
             ... on level 2 of the Dungeon.
             The game lasted 00:02:35 (1102 turns).

Sobieck the Digger (MDEE)                           Turns: 1102, Time: 00:02:36

Health: -1/20      AC:  3    Str: 10    XL:     2   Next: 86%
Magic:  1/5        EV: 11    Int: 15    God:
Gold:   80         SH:  0    Dex: 10    Spells: 4/5 levels left

rFire   . . .        h - +0 sling
rCold   . . .        (no shield)
rNeg    . . .        a - +0 robe
rPois   .            (no helmet)
rElec   .            (no cloak)
rCorr   .            g - +0 pair of gloves
SInv    .            (no boots)
Will    .....        (no amulet)
Stlth   ++           (no ring)
HPRegen 0.23/turn    (no ring)
MPRegen 0.09/turn

%: no passive effects
@: very slightly contaminated
A: runic magic, artefact enchanting
a: no special abilities


You were on level 2 of the Dungeon.
You visited 1 branch of the dungeon, and saw 2 of its levels.

You collected 80 gold pieces.

Inventory:

Hand Weapons
 c - a +0 rapier
 d - a +3 short sword
 h - a +0 sling (weapon)
Armour
 a - a +0 robe (worn)
 g - a +0 pair of gloves (worn)
Scrolls
 f - a scroll of teleportation {unknown}
Potions
 b - 2 potions of magic
 e - a potion of brilliance {unknown}


   Skills:
 + Level 1.0 Armour
 - Level 1.3 Dodging
 - Level 1.4 Stealth
 * Level 2.2 Spellcasting
 - Level 0.8 Conjurations
 * Level 3.8 Earth Magic


You had 4 spell levels left.
You knew the following spells:

 Your Spells              Type           Power      Damage    Failure   Level
a - Sandblast             Erth           26%        2d8       4%          1

Your spell library contained the following spells:

 Spells                   Type           Power      Damage    Failure   Level
 Passwall                 Erth           13%        N/A       13%         3
 Stone Arrow              Conj/Erth      16%        3d8       24%         3
 Brom's Barrelling Bould  Conj/Erth      8%         2d3       63%         4
 Petrify                  Alch/Erth      7%         N/A       67%         4


Dungeon Overview and Level Annotations

Branches:
Dungeon (2/15)

Altars:

Shops:
D:1 (


Innate Abilities, Weirdness & Mutations

Your spellcasting is much less encumbered by armour.
You can use scrolls of enchantment on lesser artefacts.


Message History

Okay, then.
Unknown command.
There is a stone staircase leading down here.
You climb downwards.
Found a yellow potion.
Found an escape hatch in the floor.
There is a stone staircase leading up here.
Unknown command.
Unknown command.
A sleepcap comes into view.
Found a scroll labelled WUPPAGROUKU.
Found a stone staircase leading up.
A sleepcap is nearby!
You shoot a sling bullet. The sling bullet hits the sleepcap.
The sleepcap is lightly damaged.
A goblin comes into view. It is wielding a +0 club.
The blast of sand hits the sleepcap but does no damage.
The sleepcap is lightly damaged.
The goblin shouts!
Unknown command.
Unknown command.
Unknown command.
You shoot a sling bullet.
The sling bullet hits the sleepcap but does no damage.
The sleepcap is lightly damaged.
The sleepcap releases spores at you.
* * * LOW HITPOINT WARNING * * *
The blast of sand hits the sleepcap.
The sleepcap is moderately damaged.
The sleepcap closely misses you.
The blast of sand hits the sleepcap!
The sleepcap is heavily damaged.
The sleepcap closely misses you. x2
You miscast Sandblast.
You are very lightly contaminated with residual magic.
Nothing appears to happen.
The sleepcap closely misses you.
Unknown command.
The blast of sand hits the sleepcap but does no damage.
The sleepcap is heavily damaged.
The sleepcap releases spores at you.
* * * LOW HITPOINT WARNING * * *
You are engulfed in a cloud of soporific spores!
You fall asleep.
The sleepcap releases spores at you!
You wake up.
* * * LOW HITPOINT WARNING * * *
Unknown command.
Unknown command.
There is a stone staircase leading up here.
Unknown command.
Unknown command.
The sleepcap releases spores at you.
You die...

....♣.<%.... >..
..>....†..... .....
......#...... .....
.....##..#.## #..#.
######...#... # #..#.###
.....#..# ..###.? ...
..........# ....... #.#
#..........
.......##@######..........
#..gf.................
#!..##.###.............
#...#. #.# ...###..... ##.
#. #.# #...#. .. #. #..
#...#. ## .< ... #.#.#. ..
.... #.#.#. .. .... ..#.#.


You could see a sleepcap and a goblin.

Vanquished Creatures
  A dart slug (D:1)
  2 bats (D:1)
  2 endoplasms
  2 giant cockroaches
  3 hobgoblins
  4 jackals (D:1)
  A quokka (D:1)
  2 ball pythons
  A frilled lizard (D:1)
  A kobold (D:1)
  A rat (D:1)
20 creatures vanquished.

Notes
Turn   | Place    | Note
-------+----------+-------------------------------------------
     0 | D:1      | Sobieck the Mountain Dwarf Earth Elementalist began the
                  | quest for the Orb.
     0 | D:1      | Reached XP level 1. HP: 14/14 MP: 3/3
    57 | D:1      | Found a faded altar of an unknown god.
   313 | D:1      | Found Boad's Weapon Boutique.
   320 | D:1      | Reached XP level 2. HP: 20/20 MP: 3/5
   625 | D:1      | You fall into a shaft and drop 1 floor!
   662 | D:2      | Reached skill level 1 in Armour
  1102 | D:2      | Slain by a sleepcap

Illustrated notes

Levels and vault maps discovered:
D:1:      tarquinn_simple_flora_water_d, layout_loops_corners,
          ebering_ecumenical_altar_webs, serial_shops, shop,
          chequers_mini_garden
D:2:      layout_rooms, minmay_misc_feat_tower, grunt_ministairs_9,
          minmay_octomino_c4

Skill      XL: |  1  2 |
---------------+-------+-----
Spellcasting   | 2 |  2.2
Armour         | 1 |  1.0
Dodging        | |  1.3
Stealth        | |  1.4
Conjurations   | |  0.8
Earth Magic    | |  3.8

Action                     || total
---------------------------++-------
  Melee: Unarmed           ||     6
   Fire: Sling             ||    19
   Cast: Sandblast         ||    27
 Armour: Robe              ||    11
  Dodge: Dodged            ||    16

Table legend: (Time is in decaauts)
 A = Elapsed time spent in this place.
 B = Non-inter-level travel time spent in this place.
 C = Inter-level travel time spent in this place.
 D = Time resting spent in this place.
 E = Time spent auto-exploring this place.
 F = Levels seen in this place.
 G = Mean time per level.
                   A        B        C        D        E       F      G
               +--------+--------+--------+--------+--------+-----+--------+
         Total |   1120 |   1093 |     27 |      2 |    936 |   2 |  560.0 |
       Dungeon |   1120 |   1093 |     27 |      2 |    936 |   2 |  560.0 |
               +--------+--------+--------+--------+--------+-----+--------+

Top non-repeatable levels by time:
     D:1: 1061 daAuts
     D:2: 59 daAuts
